 Dungeon Crawl Stone Soup version 0.32-a0-132-g2d33c3cfaf (webtiles) character file.

Game seed: 7339880617477646140

536 Newt the Trooper (level 7, -2/57 HPs)
             Began as a Formicid Fighter on Feb 9, 2024.
             Killed by divine providence
             ... invoked by an orc priest
              (11 damage)
             ... on level 4 of the Dungeon.
             The game lasted 00:03:17 (3095 turns).

Newt the Trooper (Formicid Fighter)                 Turns: 3095, Time: 00:03:17

Health: -2/57      AC:  8    Str: 22    XL:     7   Next: 50%
Magic:  7/7        EV:  9    Int:  8    God:
Gold:   210        SH:  0    Dex: 13    Spells: 6/6 levels left

rFire   . . .        h - +1 mace (heavy)
rCold   . . .        c - +0 buckler
rNeg    . . .        b - +0 scale mail
rPois   .            (helmet unavailable)
rElec   .            (no cloak)
rCorr   .            (no gloves)
SInv    +            o - +0 pair of boots
Will    .....        (no amulet) Stlth
                     i - ring of wizardry
HPRegen 0.29/turn    (no ring)
MPRegen 0.10/turn

%: wizardry (x1)
@: confused
A: permanent stasis, dig shafts and tunnels, antennae 3, four strong arms
a: Dig, Shaft Self


You were on level 4 of the Dungeon.
You visited 1 branch of the dungeon, and saw 4 of its levels.

You collected 210 gold pieces.

Inventory:

Hand Weapons
 a - a +0 long sword
 h - a +1 heavy mace (weapon)
Missiles
 k - 7 poisoned darts (quivered)
Armour
 b - a +0 scale mail (worn)
 c - a +0 buckler (worn)
 o - a +0 pair of boots (worn)
Jewellery
 i - a ring of wizardry (left hand)
Scrolls
 d - a scroll of noise {unknown}
 e - a scroll of fear {unknown}
 f - a scroll of enchant armour {unknown}
 g - 2 scrolls of revelation {unknown}
 j - a scroll of poison {unknown}
 l - a scroll of teleportation {unknown}
 m - a scroll of torment {unknown}
 p - a scroll of blinking {unknown}
Potions
 n - a potion of brilliance {unknown}


   Skills:
 + Level 5.8 Fighting
 - Level 2.8 Long Blades
 - Level 5.0 Maces & Flails
 * Level 4.1 Armour
 - Level 4.0 Shields


You had 6 spell levels left.
You didn't know any spells.
Your spell library contained the following spells:

 Spells                   Type           Power      Damage    Failure   Level
 Call Canine Familiar     Summ           0%         N/A       82%         3
 Sigil of Binding         Hex            0%         N/A       82%         3
 Anguish                  Hex/Necr       0%         N/A       99%         4
 Animate Dead             Necr           0%         N/A       99%         4
 Dimensional Bullseye     Hex/Tloc       0%         N/A       99%         4
 Summon Lightning Spire   Summ/Air       0%         N/A       99%         4
 Iskenderun's Battlesphe  Conj           0%         2d6       100%        5
 Bombard                  Conj/Erth      0%         9d1       100%        6
 Spellforged Servitor     Conj/Summ      0%         N/A       100%        7


Dungeon Overview and Level Annotations

Branches:
Dungeon (4/15)
 Temple: D:4-7

Altars:
Makhleb
Wu Jian


Innate Abilities, Weirdness & Mutations

You cannot be hasted, slowed, berserked, paralysed or teleported.
You can dig through walls and to a lower floor.
You have a pair of large antennae on your head. (SInv)
Your four strong arms can wield two-handed weapons with a shield.


Message History

An orc comes into view. It is wielding a +0 whip.
The orc wizard closely misses you. The orc hits you but does no damage.
The orc moves out of view.
You closely miss the orc. The orc hits you with a +0 club.
The orc wizard gestures wildly while chanting.
The orc wizard flickers and vanishes for a moment.
The orc priest looks braver for a moment.
The orc wizard barely misses you.
Unknown command.
You barely miss the orc wizard.
The orc wizard suddenly curses.
The orc wizard hits you with a +0 dagger.
The orc wizard points at you and mumbles some strange words.
The puff of flame hits you.
Unknown command.
You barely miss the orc wizard. You block the orc wizard's attack.
The orc priest casts a cantrip, but nothing happens.
The orc wizard gestures at you while chanting.
You are confused.
The orc wizard points at you and mumbles some strange words.
The magic dart hits you.
Unknown command.
You barely miss the orc wizard.
The orc wizard hits you but does no damage.
The orc wizard hits you with a +0 dagger.
The orc wizard casts a spell at you. The magic dart hits you.
The orc wizard hits you but does no damage.
Unknown command.
Unknown command.
You miss the orc wizard. The orc wizard closely misses you.
The orc wizard hits you but does no damage.
The orc priest invokes the aid of Beogh against you.
Beogh smites you!
* * * LOW HITPOINT WARNING * * *
The orc wizard hits you but does no damage.
The orc wizard completely misses you.
The orc priest invokes the aid of Beogh against you.
Beogh smites you!
You die...

......###...... ......
.......... .... .....#
##.##...# ....##
#.......# .....##...#
..#......###
..........##.
#.........
............. .oo...#
...........# #ooo..# .
.#####....### #@# ,, ..
............####.# #...
..#........##.##)# ....
.
#............#†#..##..
###.......##.#........#
.......#..#######....##
.#.#.##....# .......
.###......... ...##[.
.....##....... ....# .


You could see an orc priest, 2 orc wizards and 2 orcs.

Vanquished Creatures
  Sigmund (D:2)
  A black bear (D:4)
  An ogre (D:3)
  A hound (D:3)
  A bombardier beetle (D:4)
  A sleepcap (D:4)
  4 adders
  A ribbon worm (D:3)
  2 dart slugs
  2 orcs (D:4)
  11 ball pythons
  3 bats
  6 endoplasms
  2 giant cockroaches
  7 goblins
  4 hobgoblins (D:1)
  6 jackals (D:3)
  7 kobolds
  4 quokkas
  3 frilled lizards
  9 rats
77 creatures vanquished.

Notes
Turn   | Place    | Note
-------+----------+-------------------------------------------
     0 | D:1      | Newt the Formicid Fighter began the quest for the Orb.
     0 | D:1      | Reached XP level 1. HP: 18/18 MP: 1/1
   171 | D:1      | Reached XP level 2. HP: 24/24 MP: 2/2
   584 | D:1      | Reached XP level 3. HP: 25/30 MP: 3/3
  1090 | D:2      | Reached skill level 1 in Maces & Flails
  1144 | D:2      | Reached XP level 4. HP: 21/37 MP: 4/4
  1548 | D:2      | Noticed Sigmund
  1562 | D:2      | Killed Sigmund
  1563 | D:2      | Reached XP level 5. HP: 29/43 MP: 5/5
  1563 | D:2      | Reached XP level 6. HP: 34/50 MP: 6/6
  2060 | D:2      | Got Sif Muna's Parchment of Spectral Creation
  2285 | D:3      | Noticed an ogre
  2288 | D:3      | Killed an ogre
  2289 | D:3      | Reached skill level 5 in Fighting
  2681 | D:3      | Reached XP level 7. HP: 51/56 MP: 7/7
  2899 | D:4      | Reached skill level 5 in Maces & Flails
  2987 | D:4      | Found an ornate altar of the Wu Jian Council.
  3006 | D:4      | Found a burning altar of Makhleb.
  3095 | D:4      | Killed from afar by an orc priest

Illustrated notes

Levels and vault maps discovered:
D:1:      minmay_arrival_doors, layout_basic, nrook_uturn
D:2:      kennysheep_big_flooded_room, layout_basic, kennysheep_donut,
          minivault_5, kennysheep_decorative_pillar, uniq_sigmund
D:3:      layout_rooms
D:4:      layout_cave_pools, pdpol_wu_jian_five_deadly_venoms,
          mainiacjoe_overflow_tiny_flanked, minmay_misc_feat_room

Skill      XL: |  1  2  3  4  5  6  7 |
---------------+----------------------+-----
Maces & Flails | 1 3 4 5 |  5.0
Fighting       | 4 5 |  5.8
Armour         | 4 |  4.1
Long Blades    | |  2.8
Shields        | |  4.0

Action                     |  1- 3 |  4- 6 |  7- 9 || total
---------------------------+-------+-------+-------++-------
  Melee: Long sword        |    67 |       |       ||    67
         Mace              |     8 |    71 |    59 ||   138
  Throw: Dart              |       |     6 |     3 ||     9
    Use: Potion            |       |     1 |       ||     1
 Armour: Scale mail        |    56 |    65 |    83 ||   204
  Dodge: Dodged            |    28 |    56 |    41 ||   125
  Block: Buckler           |    15 |    38 |    21 ||    74

Table legend: (Time is in decaauts)
 A = Elapsed time spent in this place.
 B = Non-inter-level travel time spent in this place.
 C = Inter-level travel time spent in this place.
 D = Time resting spent in this place.
 E = Time spent auto-exploring this place.
 F = Levels seen in this place.
 G = Mean time per level.
                   A        B        C        D        E       F      G
               +--------+--------+--------+--------+--------+-----+--------+
         Total |   3227 |   3096 |    131 |    112 |   2374 |   4 |  806.8 |
       Dungeon |   3227 |   3096 |    131 |    112 |   2374 |   4 |  806.8 |
               +--------+--------+--------+--------+--------+-----+--------+

Top non-repeatable levels by time:
     D:2: 1222 daAuts
     D:1: 1066 daAuts
     D:3: 696 daAuts
     D:4: 242 daAuts
